 Dungeon Sprint DCSS version 0.20-a0-820-g557356e (webtiles) character file.

1728 esc the Jinx (level 8, -10/44 HPs)
             Began as a Felid Enchanter on Mar 3, 2017.
             Mangled by a quarterstaff of speed (16 damage)
             ... created by the rancor of Wu Jian
             ... in the Dungeon (Sprint I: "Red Sonja") on Mar 4, 2017.
             The game lasted 00:10:46 (1019 turns).

esc the Jinx (Felid Enchanter)                      Turns: 1019, Time: 00:10:47

Health: -10/44     AC:  2    Str:  3 (4)  XL:     8   Next: 76%
Magic:  23/23      EV: 34    Int: 16      God:
Gold:   542        SH:  0    Dex: 20 (21) Spells: 15/27 levels left
                                        Lives:  0   Deaths: 2

rFire    . . .     SeeInvis +     - Unarmed
rCold    . . .     Gourm    .   (armour unavailable)
rNeg     . . .     Faith    .   (shield unavailable)
rPois    .         Spirit   .   (helmet unavailable)
rElec    .         Reflect  .   (cloak unavailable)
rCorr    .         Harm     .   (gloves unavailable)
MR       +....     NoTele   +   (boots unavailable)
Stlth    +++++++...             (no amulet)
Regen    0.2/turn               (no ring)
MPRegen  0.2/turn               h - +3 ring of evasion

@: quick
A: no armour, no weapons or thrown items, stealth, claws 1, fangs 3, see
invisible, carnivore 3, speed 1, shaggy fur 2, slow metabolism 1, sharp paws
a: no special abilities


You were in the Dungeon.
You were completely stuffed.

You visited 1 branch You collected 878 gold pieces.
You spent 336 gold pieces at shops.

Inventory:

Missiles
 c - 10 curare-tipped needles
Jewellery
 h - a +3 ring of evasion (left paw)
   (You found it in the Dungeon)
Wands
 k - a wand of acid (10/15)
   (You bought it in a shop in the Dungeon)
Scrolls
 i - 2 scrolls of identify {unknown}
 j - a scroll of enchant armour {unknown}
Potions
 e - a potion of haste
 f - 2 potions of magic
 g - 2 potions of lignification {unknown}
 l - a potion of degeneration {unknown}
Books
 a - a book of Maledictions
Comestibles
 b - a meat ration {@e2}


   Skills:
 + Level 10.6 Fighting
 + Level 13.6 Dodging
 + Level 14.7 Stealth
 + Level 10.7 Unarmed Combat
 + Level 10.0 Spellcasting
 + Level 14.9 Hexes


You had 15 spell levels left.
You knew the following spells:

 Your Spells              Type           Power        Failure   Level  Hunger
a - Ensorcelled Hibernat  Hex/Ice        ####..       1%          2    None
b - Tukima's Dance        Hex            ######..     1%          3    None
c - Confuse               Hex            ######..     1%          3    None
d - Dazzling Spray        Conj/Hex       ####..       1%          3    None
v - Corona                Hex            ######.      1%          1    None


Dungeon Overview and Level Annotations

Branches:
Dungeon (1/1)

Altars:
Cheibriados
Dithmenos
Elyvilon
Fedhas
Gozag
Hepliaklqana
Kikubaaqudgha
Makhleb
Nemelex Xobeh
Okawaru
Qazlal
Ru
Sif Muna
Trog
Uskayaw
Vehumet
Wu Jian
Xom
Yredelemnul
Zin
The Shining One
Jiyva
Lugonu

Shops:
D }(:*:![*[?%![?}[}


Innate Abilities, Weirdness & Mutations

You cannot wear armour.
You are incapable of wielding weapons or throwing items.
Your paws allow you to move quietly. (Stealth)
You have sharp claws.
You have razor-sharp teeth.
You have supernaturally acute eyesight. (SInv)
You are carnivorous and can eat meat at any time.
You cover ground quickly.
You are covered in thick fur. (AC +2)
You have a slow metabolism.
Your sharp claws are effective at attacking unaware monsters.


Message History

You scratch the quarterstaff of speed but do no damage.
The quarterstaff of speed misses you. x2
You claw the quarterstaff of speed!
You destroy the quarterstaff of speed!
That felt strangely unrewarding.
The quarterstaff of speed hits you. x2
You take 8 damage, and have 33/45 hp.
You claw the quarterstaff of speed! The quarterstaff of speed hits you! x3
* * * LOW HITPOINT WARNING * * *
You take 26 damage, and have 7/45 hp.
MASSIVE DAMAGE!!
You are too injured to fight recklessly!
You are too injured to fight recklessly!
You are too injured to fight recklessly!
You scratch the quarterstaff of speed but do no damage.
You feel yourself speed up. The quarterstaff of speed hits you!
You die...
The quarterstaff of speed closely misses you.
You are now level 8!
You rejoin the land of the living...
Health restored: 44; MP restored: 23 Unknown command.
You close the door.
You start waiting.
Eating one of 8 chunks of flesh {@w0}.
You eat one of the 8 chunks of flesh {@w0}.
This raw flesh tastes great.
Eating one of 7 chunks of flesh {@w0}.
You eat one of the 7 chunks of flesh {@w0}.
This raw flesh tastes great.
Eating one of 6 chunks of flesh {@w0}.
You eat one of the 6 chunks of flesh {@w0}.
This raw flesh tastes great.
Eating one of 5 chunks of flesh {@w0}.
You eat one of the 5 chunks of flesh {@w0}.
This raw flesh tastes great.
Eating one of 4 chunks of flesh {@w0}.
You eat one of the 4 chunks of flesh {@w0}.
This raw flesh tastes great.
Eating one of 3 chunks of flesh {@w0}.
You eat one of the 3 chunks of flesh {@w0}.
This raw flesh tastes great.
All of the chunks of flesh in your inventory have rotted away.
Sifu Sun Luban whispers, "Suffer, mortal..."
You feel a burning poison under your skin!
The poison corrodes you!
You feel weakened.
You feel clumsy.
Unknown command.
Unknown command.
You open the door.
There is an open door here.
You see here a necrophage corpse.
You scratch the quarterstaff of speed but do no damage.
The quarterstaff of speed hits you.
You take 3 damage, and have 41/44 hp.
You scratch the quarterstaff of speed but do no damage.
The quarterstaff of speed hits you!
You take 9 damage, and have 32/44 hp.
MASSIVE DAMAGE!!
You scratch the quarterstaff of speed but do no damage.
The quarterstaff of speed hits you!
You take 10 damage, and have 22/44 hp.
MASSIVE DAMAGE!!
Here: a quarterstaff of speed (durably summoned)
The floor, spattered with blood.
You scratch the quarterstaff of speed but do no damage.
The quarterstaff of speed barely misses you.
The quarterstaff of speed closely misses you.
You scratch the quarterstaff of speed but do no damage.
You claw the quarterstaff of speed, but do no damage.
You bite the quarterstaff of speed, but do no damage.
The quarterstaff of speed hits you.
You take 3 damage, and have 19/44 hp.
You scratch the quarterstaff of speed but do no damage.
The quarterstaff of speed completely misses you.
Unknown command.
You scratch the quarterstaff of speed. The quarterstaff of speed hits you.
The quarterstaff of speed barely misses you.
You take 5 damage, and have 14/44 hp.
You scratch the quarterstaff of speed but do no damage.
The quarterstaff of speed barely misses you.
You scratch the quarterstaff of speed but do no damage.
You are no longer corroded.
The quarterstaff of speed completely misses you.
You scratch the quarterstaff of speed.
Your bite misses the quarterstaff of speed.
The quarterstaff of speed completely misses you.
The quarterstaff of speed hits you!
* * * LOW HITPOINT WARNING * * *
You take 9 damage, and have 6/44 hp.
MASSIVE DAMAGE!!
You claw the quarterstaff of speed!
The quarterstaff of speed completely misses you. x2
You scratch the quarterstaff of speed. The quarterstaff of speed misses you.
You scratch the quarterstaff of speed but do no damage.
The quarterstaff of speed misses you.
You completely miss the quarterstaff of speed.
The quarterstaff of speed completely misses you.
The quarterstaff of speed hits you!
You die...

#∩........'...'.....'[∩##.#
###++++####...###########§#
##.###.....§.##§# #+#
#.......§§§# #'''######§#
#....§.§§#§#
######.†....§#'§#
#)[[)÷÷†....§####
#....(@(...≈≈#
##.......≈§§## ###..≈≈≈≈###
###'######+###
#∩∩########(∩#
##∩∩∩∩∩∩∩∩∩(## ############


You could see 2 dancing weapons.

Vanquished Creatures
  2 centaur warriors (D)
  Sonja (D)
  2 unseen horrors (D)
  A deep troll (D)
  An oklob plant (D)
  2 kobold demonologists (D)
  A hornet (D)
  A slime creature (D)
  A dancing weapon (D)
  2 redbacks (D)
  Sigmund (D)
  A yak (D)
  2 floating eyes (D)
  7 necrophages (D)
  An ogre (D)
  8 jellies (D)
  Ijyb (D)
35 creatures vanquished.

Vanquished Creatures (others)
  A gargoyle (D)
1 creature vanquished.

Grand Total: 36 creatures vanquished

Notes
Turn   | Place    | Note
-------+----------+-------------------------------------------
     0 | D        | esc the Felid Enchanter began the quest for the Orb.
     0 | D        | Reached XP level 1. HP: 7/7 MP: 4/4
     1 | D        | Noticed Ijyb
    11 | D        | Killed Ijyb
    11 | D        | Reached skill level 2 in Fighting
    11 | D        | Reached skill level 4 in Dodging
    11 | D        | Reached skill level 5 in Stealth
    11 | D        | Reached skill level 2 in Unarmed Combat
    11 | D        | Reached skill level 5 in Hexes
    11 | D        | Reached XP level 2. HP: 13/13 MP: 3/6
    49 | D        | Learned a level 2 spell: Ensorcelled Hibernation
    81 | D        | Noticed an ogre
    97 | D        | Killed an ogre
    97 | D        | Reached skill level 3 in Fighting
    97 | D        | Reached skill level 5 in Dodging
    97 | D        | Reached skill level 6 in Stealth
    97 | D        | Reached skill level 3 in Unarmed Combat
    97 | D        | Reached skill level 3 in Spellcasting
    97 | D        | Reached skill level 6 in Hexes
    97 | D        | Reached XP level 3. HP: 17/17 MP: 0/9
    97 | D        | Reached XP level 4. HP: 21/21 MP: 0/10
   188 | D        | Learned a level 3 spell: Confuse
   192 | D        | Learned a level 3 spell: Tukima's Dance
   193 | D        | Noticed Sigmund
   209 | D        | HP: 4/21 [Sigmund/puff of flame (8)]
   226 | D        | Killed Sigmund
   226 | D        | Reached skill level 4 in Fighting
   226 | D        | Reached skill level 6 in Dodging
   226 | D        | Reached skill level 7 in Stealth
   226 | D        | Reached skill level 4 in Unarmed Combat
   226 | D        | Reached skill level 4 in Spellcasting
   226 | D        | Reached skill level 8 in Hexes
   226 | D        | Reached XP level 5. HP: 18/25 MP: 1/13
   318 | D        | Found a deep blue altar of Sif Muna.
   328 | D        | Reached skill level 8 in Stealth
   373 | D        | Found a radiant altar of Vehumet.
   373 | D        | Found an ornate altar of the Wu Jian Council.
   381 | D        | Noticed Sonja
   384 | D        | Became a worshipper of the Wu Jian Council
   389 | D        | Killed Sonja
   389 | D        | Reached skill level 6 in Fighting
   389 | D        | Reached skill level 9 in Dodging
   389 | D        | Reached skill level 10 in Stealth
   389 | D        | Reached skill level 6 in Unarmed Combat
   389 | D        | Reached skill level 6 in Spellcasting
   389 | D        | Reached skill level 10 in Hexes
   389 | D        | Gained mutation: You are covered in thick fur. (AC +2) [Felid growth]
   389 | D        | Reached XP level 6. HP: 26/31 MP: 7/16
   389 | D        | Reached XP level 7. HP: 29/35 MP: 7/17
   443 | D        | Found Nyaciurr's Weapon Emporium.
   443 | D        | Found an ancient bone altar of Kikubaaqudgha.
   443 | D        | Found a hazy altar of Hepliaklqana.
   443 | D        | Found a stormy altar of Qazlal.
   443 | D        | Found a hide-covered altar of Uskayaw.
   443 | D        | Found a blossoming altar of Fedhas.
   443 | D        | Found a bloodstained altar of Trog.
   443 | D        | Found an iron altar of Okawaru.
   443 | D        | Found a basalt altar of Yredelemnul.
   443 | D        | Found a glowing golden altar of the Shining One.
   443 | D        | Found a snail-covered altar of Cheibriados.
   443 | D        | Found a sacrificial altar of Ru.
   443 | D        | Found a glowing silver altar of Zin.
   443 | D        | Found a shadowy altar of Dithmenos.
   443 | D        | Found a white marble altar of Elyvilon.
   443 | D        | Noticed a yak
   444 | D        | Found an opulent altar of Gozag.
   446 | D        | Killed a yak
   446 | D        | Reached skill level 7 in Fighting
   446 | D        | Reached skill level 7 in Unarmed Combat
   447 | D        | Found a sparkling altar of Nemelex Xobeh.
   474 | D        | Learned a level 3 spell: Dazzling Spray
   474 | D        | Noticed a deep troll
   488 | D        | Killed a deep troll
   488 | D        | Reached * piety under Wu Jian
   488 | D        | Reached skill level 10 in Dodging
   488 | D        | Reached skill level 11 in Stealth
   488 | D        | Reached skill level 7 in Spellcasting
   488 | D        | Reached skill level 11 in Hexes
   488 | D        | Reached XP level 8. HP: 35/40 MP: 16/20
   503 | D        | Found Icerechefe's Armour Emporium.
   552 | D        | Found a burning altar of Makhleb.
   552 | D        | Found a viscous altar of Jiyva.
   552 | D        | Found a shimmering altar of Xom.
   552 | D        | Found a corrupted altar of Lugonu.
   552 | D        | Noticed a slime creature
   555 | D        | Killed a slime creature
   555 | D        | Reached skill level 8 in Fighting
   555 | D        | Reached skill level 8 in Unarmed Combat
   567 | D        | Noticed a kobold demonologist
   568 | D        | Noticed a kobold demonologist
   570 | D        | Reached skill level 12 in Hexes
   572 | D        | Killed a kobold demonologist
   572 | D        | Reached ** piety under Wu Jian
   572 | D        | Reached skill level 11 in Dodging
   572 | D        | Reached skill level 12 in Stealth
   572 | D        | Reached XP level 9. HP: 45/45 MP: 16/21
   573 | D        | Noticed a sixfirhy
   574 | D        | Killed a kobold demonologist
   574 | D        | Reached skill level 8 in Spellcasting
   634 | D        | Found Jyiros's Gadget Boutique.
   642 | D        | Bought a wand of acid (10/15) for 336 gold pieces
   661 | D        | Noticed a centaur warrior
   662 | D        | Noticed a centaur warrior
   663 | D        | Killed a centaur warrior
   663 | D        | Reached skill level 9 in Fighting
   663 | D        | Reached skill level 9 in Unarmed Combat
   663 | D        | Reached skill level 13 in Hexes
   664 | D        | Killed a centaur warrior
   664 | D        | Reached skill level 12 in Dodging
   664 | D        | Reached skill level 13 in Stealth
   674 | D        | Killed a gargoyle
   679 | D        | Reached *** piety under Wu Jian
   679 | D        | Reached skill level 9 in Spellcasting
   689 | D        | Noticed an oklob plant
   690 | D        | Killed an oklob plant
   690 | D        | Reached XP level 10. HP: 50/50 MP: 24/24
   699 | D        | Reached skill level 10 in Unarmed Combat
   701 | D        | Reached skill level 14 in Hexes
   715 | D        | Noticed an unseen horror
   715 | D        | Noticed an unseen horror
   719 | D        | Killed an unseen horror
   719 | D        | Reached **** piety under Wu Jian
   719 | D        | Reached skill level 10 in Fighting
   719 | D        | Reached skill level 13 in Dodging
   719 | D        | Reached skill level 14 in Stealth
   721 | D        | Killed an unseen horror
   741 | D        | Reached ***** piety under Wu Jian
   749 | D        | HP: 11/51 [jelly (2)]
   749 | D        | HP: 2/51 [acid (9)]
   750 | D        | Slain by a necrophage
   751 | D        | Reached XP level 9. HP: 0/47 MP: 23/23
   761 | D        | Fell from the grace of Wu Jian
   772 | D        | Upgraded the game from 0.20-a0-809-gaf7f668 to 0.20-a0-820-g557356e
   851 | D        | Found Zadghithru's Magic Scroll Boutique.
   852 | D        | Found Vabrim's Gadget Emporium.
   865 | D        | Reached skill level 10 in Spellcasting
   866 | D        | Found Goudam's Gadget Emporium.
   879 | D        | Found Wiryun's Assorted Antiques.
   879 | D        | Found Nosoagepp's Book Shop.
   879 | D        | Found Aboaca's Book Boutique.
   881 | D        | Found Foparrug's Distillery.
   881 | D        | Found Vojopsof's Antique Armour Shop.
   881 | D        | Found Roqorr's General Store.
   881 | D        | Found Xuelon's Armour Boutique.
   881 | D        | Found Roejy's Magic Scroll Emporium.
   881 | D        | Found Zagaon's Food Shop.
   881 | D        | Found Ehu Rija's Distillery.
   885 | D        | Found Wylinot's Antique Armour Boutique.
   900 | D        | HP: 7/45 [quarterstaff of speed[the rancor of Wu Jian] (9)]
   901 | D        | Slain by a quarterstaff of speed
   902 | D        | Reached XP level 8. HP: -2/42 MP: 12/23
  1015 | D        | HP: 6/44 [quarterstaff of speed[the rancor of Wu Jian] (9)]
  1019 | D        | Mangled by a quarterstaff of speed

Vault maps used:
D:        dungeon_sprint_1

Skill      XL: |  1  2  3  4  5  6  7  8  9 10 |
---------------+-------------------------------+-----
Fighting       | 2 3 4 6 7 8 9 10 | 10.6
Dodging        | 4 5 6 9 10 11 12 13 | 13.6
Stealth        | 5 6 7 10 11 12 13 14 | 14.7
Unarmed Combat | 2 3 4 6 7 8 9 10 | 10.7
Hexes          | 5 6 8 10 11 12 13 14 | 14.9
Spellcasting   | 3 4 6 7 10 | 10.0

Action                   |  1- 3 |  4- 6 |  7- 9 | 10-12 || total
-------------------------+-------+-------+-------+-------++-------
Melee: Unarmed           |     9 |     7 |    58 |    26 ||   100
       Punch             |       |       |     4 |       ||     4
       Bite              |       |       |     3 |     2 ||     5
 Cast: Corona            |     1 |       |       |       ||     1
       Ensorcelled Hiber |     2 |     5 |     6 |     1 ||    14
       Tukima's Dance    |       |     4 |       |       ||     4
       Confuse           |       |       |     9 |       ||     9
Invok: Renounce Religion |       |       |     1 |       ||     1
       Heaven On Earth   |       |       |       |     1 ||     1
  Use: Potion            |     1 |     2 |       |       ||     3
       Scroll            |       |       |     1 |       ||     1
 Stab: Sleeping          |     2 |     2 |    11 |     8 ||    23
       Confused          |       |       |     2 |       ||     2
  Eat: Chunk             |     1 |     6 |     6 |     1 ||    14
Armor: Skin              |       |       |       |     1 ||     1
Dodge: Dodged            |     4 |    13 |    47 |    12 ||    76

Vault maps used:
D:        dungeon_sprint_1

Table legend:
 A = Turns spent in this place as a percentage of turns spent in the entire game.
 B = Non-inter-level travel turns spent in this place as a percentage of non-inter-level travel turns spent in the entire game.
 C = Inter-level travel turns spent in this place as a percentage of turns spent in this place.
 D = Turns resting spent in this place as a percentage of non-inter-level travel turns spent in this place.
 E = Turns spent auto-exploring this place as a percentage of non-inter-level travel turns spent in this place.
 F = Non-inter-level travel turns spent in this place divided by the number of levels of this place that you've seen.
                   A       B       C       D       E      F
               +-------+-------+-------+-------+-------+----------------------
         Total | 100.0 | 100.0 |   0.3 |   4.8 |   0.0 | 604.0
       Dungeon | 100.0 | 100.0 |   0.3 |   4.8 |   0.0 | 604.0
               +-------+-------+-------+-------+-------+----------------------

Table legend:
 A = Kills in this place as a percentage of kills in entire the game.
 B = Kills by you in this place as a percentage of kills by you in the entire game.
 C = Kills by friends in this place as a percentage of kills by friends in the entire game.
 D = Other kills in this place as a percentage of other kills in the entire game.
 E = Experience gained in this place as a percentage of experience gained in the entire game.
 F = Experience gained in this place divided by the number of levels of this place that you have seen.
                   A       B       C       D       E      F
               +-------+-------+-------+-------+-------+----------------------
         Total | 100.0 | 100.0 |  -nan |  -nan | 100.0 | 8988.0
       Dungeon | 100.0 | 100.0 |  -nan |  -nan | 100.0 | 8988.0
               +-------+-------+-------+-------+-------+----------------------
